 Dungeon Crawl Stone Soup version 0.25.1-8-g42b30a86e7 (webtiles) character file.

Game seed: 9351777964219698985

46 JohnSpartan the Shooter (level 3, -3/29 HPs)
             Began as a Centaur Hunter on Dec 18, 2020.
             Slain by a worm (5 damage)
             ... on level 2 of the Dungeon.
             The game lasted 00:08:53 (1078 turns).

JohnSpartan the Shooter (Centaur Hunter)            Turns: 1078, Time: 00:08:54

Health: -3/29      AC:  4    Str: 14    XL:     3   Next: 46%
Magic:  3/3        EV:  9    Int: 10    God:
Gold:   101        SH:  0    Dex: 10    Spells: 2/2 levels left

rFire    . . .     SeeInvis .   a - +1 shortbow
rCold    . . .     Gourm    .   (shield currently unavailable)
rNeg     . . .     Faith    .   c - +0 leather armour
rPois    .         Spirit   .   (no helmet)
rElec    .         Reflect  .   (no cloak)
rCorr    .         Harm     .   (no gloves)
MR       .....                  (no barding)
Stlth    +.........             (no amulet)
HPRegen  0.09/turn              (no ring)
MPRegen  0.08/turn              (no ring)

@: very quick
A: large, hooves 3, deformed body, speed 2, tough skin 3
a: no special abilities


You were on level 2 of the Dungeon.
You were not hungry.

You visited 1 branch of the dungeon, and saw 2 of its levels.

You collected 101 gold pieces.

Inventory:

Hand Weapons
 a - a +1 shortbow (weapon)
 b - a +0 short sword
 k - a +0 hunting sling
Missiles
 d - 27 arrows (quivered)
 e - a stone
Armour
 c - a +0 leather armour (worn)
 i - a +0 chain mail
 m - a +0 robe
Jewellery
 l - an uncursed amulet of reflection {unknown}
Potions
 h - a potion of might {unknown}
 j - a potion of lignification {unknown}
Comestibles
 f - 4 rations
 g - 3 chunks of flesh


   Skills:
 + Level 2.1 Fighting
 * Level 1.0(1.3) Slings
 + Level 6.4 Bows
 * Level 1.1(1.4) Throwing
 + Level 1.4 Dodging
 - Level 0.4 Stealth


You had 2 spell levels left.
You didn't know any spells.
Your spell library was empty.

Dungeon Overview and Level Annotations

Branches:
Dungeon (2/15)

Altars:


Innate Abilities, Weirdness & Mutations

You have hooves in place of feet.
Armour fits poorly on your strangely shaped body.
You cover ground very quickly.
You have extremely tough skin. (AC +3)


Message History

You shoot an arrow. The arrow hits the worm!
The worm is heavily wounded.
The kobold hits you with a +0 short sword.
* * * LOW HITPOINT WARNING * * *
The worm completely misses you.
Firing (i - inventory. (/) - cycle)
d - 29 arrows (quivered)
Press: ? - help, Shift-Dir - straight line, f/p - worm
Aim: a worm (heavily wounded)
You shoot an arrow.
The arrow hits the worm but does no damage.
The worm is heavily wounded.
The kobold hits you but does no damage.
Firing (i - inventory. (/) - cycle)
d - 28 arrows (quivered)
Press: ? - help, Shift-Dir - straight line, f/p - worm
Aim: a worm (heavily wounded)
You shoot an arrow. The arrow barely misses the worm.
The kobold hits you with a +0 short sword.
* * * LOW HITPOINT WARNING * * *
The worm bites you.
You die...

*,,,,,,,,,#............#
*****,*..,#..#.........#
*,*..,#..#..######.#
*,##.##..#..# *.#
*,#...#..#..# *.#
*,#...#..#..#####*.#
*,#...#.....รท...##.###
*,#...##.#...........#
*,#(..w@.#.####...<#.#
#.....K..#.#**######,*
##....#..#..,,,,,,,*,*
******#..(....###******,*,*
*,,,,...%..#...,,,,,,**,*,*
****###.####....,,,,,**,*,*
#.,,,..####******,*,*
#****### *,*,* *,*,*


You could see a worm and a kobold.

Vanquished Creatures
  2 adders (D:2)
  A leopard gecko (D:1)
  A bat (D:1)
  2 giant cockroaches
  4 goblins
  5 hobgoblins (D:1)
  2 kobolds (D:2)
  2 frilled lizards (D:1)
  7 rats
26 creatures vanquished.

Notes
Turn   | Place    | Note
-------+----------+-------------------------------------------
     0 | D:1      | JohnSpartan the Centaur Hunter began the quest for the Orb.
     0 | D:1      | Reached XP level 1. HP: 17/17 MP: 1/1
   307 | D:1      | Reached XP level 2. HP: 24/24 MP: 2/2
   358 | D:1      | Reached skill level 6 in Bows
   890 | D:2      | Reached skill level 1 in Slings
   890 | D:2      | Reached XP level 3. HP: 29/29 MP: 3/3
  1000 | D:2      | Reached skill level 1 in Throwing
  1078 | D:2      | Slain by a worm

Illustrated notes

Levels and vault maps discovered:
D:1:      minmay_arrival_semitransparent, layout_basic
D:2:      layout_basic, first_ration

Skill      XL: |  1  2  3 |
---------------+----------+-----
Bows           | 6 |  6.4
Slings         | 1 |  1.0
Throwing       | 1 |  1.1
Fighting       | |  2.1
Dodging        | |  1.4
Stealth        | |  0.4

Action                   || total
-------------------------++-------
Melee: Shortbow          ||     3
       Kick              ||     1
 Fire: Shortbow          ||    75
  Use: Scroll            ||     2
Armor: Leather armour    ||    10
Dodge: Dodged            ||    12
